 Dungeon Crawl Stone Soup version 0.17.1-2-g5865329 (webtiles) character file.

116 Peloso the Covered (level 4, 0/40 HPs)
             Began as a Minotaur Fighter on Jan 30, 2016.
             Slain by an adder (1 damage)
             ... on level 2 of the Dungeon.
             The game lasted 00:10:40 (1718 turns).

Peloso the Covered (Minotaur Fighter)               Turns: 1718, Time: 00:10:40

Health: 0/40       AC:  7    Str: 21    XL:     4   Next: 69%
Magic:  3/3        EV:  8    Int:  5    God:
Gold:   129        SH:  9    Dex:  7    Spells: 0 memorised, 3 levels left

rFire  . . .     SeeInvis .     a - +0 long sword
rCold  . . .     Clarity  .     b - +0 scale mail
rNeg   . . .     SustAt   .     c - +0 shield
rPois  .         Gourm    .     (helmet restricted)
rElec  .         Spirit   .     (no cloak)
rCorr  .         Warding  .     (no gloves)
rMut   .         Rnd*Tele +     (no boots)
MR     .....                    h - amulet of inaccuracy (curse)
Stlth  ..........               r - -3 ring of dexterity (curse)
                                s - ring of teleportation (curse)

@: lethally poisoned (0 -> -7), not resistant to hostile enchantments, extremely
unstealthy
A: retaliatory headbutt, horns 2
a: Evoke Teleportation


You were on level 2 of the Dungeon.
You were hungry.

You visited 1 branch of the dungeon, and saw 2 of its levels.

You collected 129 gold pieces.

Inventory:

Hand Weapons
 a - a +0 long sword (weapon)
 j - a +0 short sword of protection
Armour
 b - a +0 scale mail (worn)
 c - a +0 shield (worn)
Jewellery
 h - a cursed amulet of inaccuracy (around neck)
 m - an uncursed amulet of warding
 p - an uncursed ring of positive energy
 r - a cursed -3 ring of dexterity (right hand)
 s - a cursed ring of teleportation (left hand)
Scrolls
 i - 4 scrolls of blinking
Potions
 d - a potion of might
 f - 4 potions of curing
 g - 2 potions of heal wounds {unknown}
 k - a potion of cancellation {unknown}
 l - a potion of resistance {unknown}
Comestibles
 e - 2 bread rations
 o - a beef jerky


   Skills:
 + Level 4.2 Fighting
 + Level 3.4 Long Blades
 + Level 4.8 Armour
 + Level 1.3 Dodging
 + Level 0.1 Stealth
 + Level 4.3 Shields


You had 3 spell levels left.
You didn't know any spells.

Dungeon Overview and Level Annotations

Branches:
Dungeon (2/15)

Altars:
Ru


Innate Abilities, Weirdness & Mutations

You reflexively headbutt those who attack you in melee.
You have a pair of horns on your head.


Message History

The adder poisons you!
You miss the adder.
The adder is moderately wounded.
* * * LOW HITPOINT WARNING * * *
You feel sick. The adder bites you but does no damage.
You miss the adder.
The adder is moderately wounded.
* * * LOW HITPOINT WARNING * * *
You feel sick. You block the adder's attack. The adder bites you.
* * * LOW HITPOINT WARNING * * *
You miss the adder. Your headbutt misses the adder.
The adder is moderately wounded.
* * * LOW HITPOINT WARNING * * *
You feel sick. You block the adder's attack. The adder bites you.
* * * LOW HITPOINT WARNING * * *
You miss the adder.
The adder is moderately wounded.
* * * LOW HITPOINT WARNING * * *
You feel sick. The adder bites you.
You die...

#######...(.......####...........
#>.............((.')).........
#.######.###.######...........
#.# #.# #.# #...........
####.######.# #.# #...........
............###.######...........
####.............[...............
# ########......................
# #.....@................
######### #.....S..).............
........# #...............#######
........###..<............# #
........+.................# #
........###...............# #
..........................# #
..........................# #
..........................# #


You could see an adder.

Vanquished Creatures
  Crazy Yiuf (D:2)
  3 gnolls (D:2)
  An adder (D:2)
  An ooze (D:2)
  3 worms (D:2)
  A giant gecko (D:2)
  A ball python (D:2)
  6 hobgoblins
  6 bats
  2 giant newts
  2 goblins (D:2)
  7 kobolds
  5 rats
39 creatures vanquished.

Notes
Turn   | Place    | Note
--------------------------------------------------------------
     0 | D:1      | Peloso the Minotaur Fighter began the quest for the Orb.
     0 | D:1      | Reached XP level 1. HP: 19/19 MP: 0/0
   304 | D:1      | Reached XP level 2. HP: 20/27 MP: 1/1
   391 | D:1      | Reached skill level 4 in Armour
   871 | D:2      | Reached XP level 3. HP: 25/33 MP: 2/2
  1090 | D:2      | Found a sacrificial altar of Ru.
  1180 | D:2      | Reached skill level 1 in Dodging
  1183 | D:2      | Reached XP level 4. HP: 23/40 MP: 3/3
  1534 | D:2      | Noticed Crazy Yiuf
  1540 | D:2      | Killed Crazy Yiuf
  1717 | D:2      | HP: 2/40 [adder (3)]
  1718 | D:2      | Slain by an adder

Action                   |  1- 3 |  4- 6 || total
-------------------------+-------+-------++-------
Melee: Long sword        |    78 |    93 ||   171
  Use: Scroll            |     3 |       ||     3
       Potion            |       |     2 ||     2
  Eat: Chunk             |     1 |     1 ||     2
